Map: World of Sleepers LE

Players

Heffy

  • Race: Zerg Zerg
  • League: Silver
  • Spawn Location: 1:00

Ratl - Winner!

  • Race: Protoss Protoss
  • League: Silver
  • Spawn Location: 7:00

VOD

Have the link to the VOD?

Description

Time

  • Played on: Jan. 28, 2020, 2:32 p.m.
  • Length: 5:23
Show
View Real Time Build Order
Export as new Build Order

Heffy Zerg 

Build Orders: Pool First 

Get SALT Encoding   

  12  0:17  Drone x2  
  14  0:21  Overlord  
  14  0:39  Spawning Pool  
  13  0:46  Drone x2  
  15  0:53  Extractor  
  14  0:57  Extractor  
  14  1:01  Drone  
  14  1:02  Drone  
  15  1:12  Drone  
  16  1:36  Hatchery  
  16  1:38  Drone x2  
  17  1:55  Drone  
  17  1:56  Drone  
  19  2:06  Drone  
  20  2:35  Zergling x4  
  22  2:44  Overlord  
  22  2:50  Overlord  
  22  2:59  Zergling x2  
  23  3:07  Zergling x2  
  23  3:11  Lair  
  24  3:20  Zergling x2  
  24  3:24  Zergling x6  
  28  3:29  Zergling x2  
  29  3:40  Drone  
  30  3:43  Drone  
  31  3:57  Zergling x4  
  31  4:01  Zergling x4  
  35  4:04  Metabolic Boost  
  35  4:10  Drone  
  36  4:23  Drone x2  
  25  5:01  Spire  
  25  5:04  Spire  
  25  5:05  Drone  
  25  5:06  Drone x2  
  26  5:16  Spine Crawler  
  26  5:21  Spine Crawler  
Show
View Real Time Build Order
Export as new Build Order

Ratl Protoss - Winner!

Build Orders:  

Get SALT Encoding   

  12  0:01  Probe  
  13  0:13  Probe  
  14  0:18  Pylon  
  14  0:25  Probe  
  15  0:37  Probe (Chrono Boost)  
  15  0:40  Gateway  
  16  0:49  Probe (Chrono Boost)  
  17  0:55  Probe (Chrono Boost)  
  18  1:02  Assimilator  
  18  1:04  Probe  
  19  1:12  Assimilator  
  19  1:16  Probe  
  20  1:22  Pylon  
  20  1:28  Probe  
  20  1:32  Cybernetics Core  
  21  1:40  Probe  
  22  2:03  Zealot  
  22  2:05  Warp Gate (Chrono Boost)  
  24  2:21  Pylon  
  24  2:27  Robotics Facility  
  24  2:30  Stalker  
  28  3:08  Zealot  
  28  3:15  Immortal (Chrono Boost)  
  32  3:29  Gateway  
  32  3:30  Gateway  
  32  3:33  Gateway  
  32  3:51  Warp Prism (Chrono Boost), Stalker  
  36  4:00  Twilight Council  
  36  4:03  Pylon  
  36  4:15  Sentry  
  38  4:21  Immortal  
  42  4:38  Probe  
  41  4:50  Probe, Nexus, Stalker  
  44  5:02  Probe  
Tags
 
Add a new tag
Caveats
  • Supply blocks, unpowered buildings, or Contaminate may cause inaccurate times.
  • Supply counts are checked every 10 seconds.